AoeStats
← CazadorGT

African Clearing

506745243Analyzed
2v2 RM · 19d ago on Sep 14, 2026· 23m 7s· 4 players
Game mode
Random Map
Map size
Medium (4 player)
Population
200
Speed
Normal
Resources
Standard
Victory
Conquest
Starting age
Dark Age
Ending age
Imperial Age
RankedLock teamsTeams togetherTeam positionsShared explorationLock speedFull tech treeHidden civsTurbo modeCheats
Victory
Defeat
🇬🇹 Huns · Guatemala
1072
+15
🇨🇳 Mongols · China
1029
+16
🇵🇪 Huns · Peru
1051
-16
🇨🇴 Ethiopians · Colombia
1035
-15
CazadorGT
14:02 Loom
15:47 Feudal Age
16:46 Double-Bit Axe
20:07 Castle Age
20:40 Castle Age
18:38 Fletching
20:54 Scale Barding Armor
玉帝
12:13 Loom
15:08 Feudal Age
16:58 Double-Bit Axe
Miguel de Unamano
5:17 Loom
13:23 Feudal Age
14:33 Double-Bit Axe
16:41 Padded Archer Armor
19:41 Fletching
19:52 Town Watch
EminenceShadow
5:21 Loom
6:00 Loom
15:38 Feudal Age
16:37 Double-Bit Axe
16:44 Gold Mining
17:17 Horse Collar
18:12 Fletching
18:23 Padded Archer Armor
Connection lost

Rejoining the realm…

Still unreachable

The connection could not be restored.

Session expired

The server has moved on; the page needs a fresh start.